 Dungeon Crawl Stone Soup version 0.32-a0-468-g38b2580584 (webtiles) character file.

Game seed: 9914867036667011944

340029 ragingrage the Pyromancer (level 22, -6/177 (178) HPs)
             Began as a Barachi Fire Elementalist on Feb 24, 2024.
             Was an Initiate of Gozag.
             Shot with a bolt by a yaktaur captain (8 damage)
             ... while petrified by an ancient lich
             ... on level 5 of the Vaults.
             The game lasted 02:12:33 (78046 turns).

ragingrage the Pyromancer (BaFE)                   Turns: 78046, Time: 02:12:34

HP:   -6/177 (178)  AC: 22    Str:  8    XL:     22   Next: 31%
MP:   2/46          EV:  2    Int: 30    God:    Gozag
Gold: 14008         SH:  0    Dex: 22    Spells: 16/43 levels left

rFire   + . .        b - staff of fire
rCold   . . .        O - +1 buckler {AC+3}
rNeg    + + +        E - +2 leather armour {rPois}
rPois   ∞            B - +2 helmet
rElec   .            I - +2 cloak
rCorr   .            o - +2 pair of gloves {Dex+3}
SInv    .            H - +1 pair of boots "Notaj" {Int+4}
Will    +....        A - amulet of the acrobat
Stlth   +++          t - ring of magical power
HPRegen 0.49/turn    v - ring of Bastoawi {^Drain rPois EV+5 Dex+6}
MPRegen 0.30/turn

%: acrobat
@: petrified, marked, slightly contaminated, hasted, studying 2 skills, lightly
drained, slow
A: amphibious, slowness 1, strong legs 2, +LOS, screaming 1, weak 1, persistent
drain
}: 1/15 runes: decaying
a: Hop, Renounce Religion, Potion Petition, Call Merchant, Bribe Branch


You were on level 5 of the Vaults.
You worshipped Gozag.
Gozag was extremely pleased with you.
You visited 8 branches of the dungeon, and saw 36 of its levels.
You also visited: Bailey, Gauntlet and Desolation.

You collected 17478 gold pieces.
You spent 1300 gold pieces at shops.
You paid 2170 gold pieces to Gozag.

Inventory:

Hand Weapons
 a - a +7 demon whip of draining
Missiles
 P - a throwing net
 W - 19 curare-tipped darts
Armour
 o - a +2 pair of gloves of dexterity (worn)
 B - a +2 helmet (worn)
 E - a +2 leather armour of poison resistance (worn)
 H - the +1 pair of boots "Notaj" (worn) {Int+4}
   (You found it on level 15 of the Dungeon)

   Int+4:     It affects your intelligence (+4).
 I - a +2 cloak (worn)
 O - a +1 buckler of protection (worn)
Magical Staves
 b - a staff of fire (weapon)
Jewellery
 s - the ring "Hacaapar" {rElec rF- rN+ EV+5 Str+3}
   (You found it in the Desolation of Salt)

   [ring of evasion]

   EV+5:      It affects your evasion (+5).
   Str+3:     It affects your strength (+3).
   rF-:       It makes you vulnerable to fire.
   rElec:     It insulates you from electricity.
   rN+:       It protects you from negative energy.
 t - a ring of magical power (left hand)
 v - the ring of Bastoawi (right hand) {^Drain rPois EV+5 Dex+6}
   (You found it in the Desolation of Salt)

   [ring of evasion]

   EV+5:      It affects your evasion (+5).
   Dex+6:     It affects your dexterity (+6).
   rPois:     It protects you from poison ^Drain: It drains your maximum health
   when unequipped.
 y - a ring of protection from cold
 A - an amulet of the acrobat (around neck)
 S - a ring of protection from fire
Wands
 D - a wand of light (19)
 M - a wand of digging (9)
 N - a wand of paralysis (52)
 Y - a wand of roots (26)
Scrolls
 c - 7 scrolls of revelation
 d - 2 scrolls of immolation
 g - 12 scrolls of blinking
 i - 2 scrolls of fog
 k - 4 scrolls of fear
 w - 5 scrolls of poison
 z - 7 scrolls of amnesia
 J - 16 scrolls of teleportation
 L - 3 scrolls of silence
 R - 6 scrolls of vulnerability
 T - 7 scrolls of noise
 U - 2 scrolls of butterflies
Potions
 f - 6 potions of attraction
 h - 4 potions of magic
 j - 9 potions of might
 l - 12 potions of mutation
 m - 3 potions of cancellation
 n - 5 potions of haste
 p - 12 potions of curing
 r - 3 potions of heal wounds
 u - 4 potions of brilliance
 x - 8 potions of enlightenment
 F - a potion of ambrosia
 G - 2 potions of berserk rage
 K - 4 potions of lignification
 X - 4 potions of invisibility
Miscellaneous
 e - a phantom mirror
 q - a lightning rod (4/4)
 C - a sack of spiders
 Q - a tin of tremorstones (2/2)
 Z - a phial of floods


   Skills:
 - Level 16.0 Fighting
 - Level 2.3 Short Blades
 - Level 12.0 Maces & Flails
 + Level 12.5 Armour
 - Level 12.0 Dodging
 - Level 3.0 Stealth
 + Level 8.9 Shields
 - Level 11.0 Spellcasting
 + Level 16.3 Conjurations
 - Level 5.0 Hexes
 - Level 12.0 Summonings
 - Level 4.0 Translocations
 - Level 25.0 Fire Magic
 - Level 7.0 Alchemy
 - Level 8.0 Evocations


You had 16 spell levels left.
You knew the following spells:

 Your Spells              Type           Power      Damage    Failure   Level
a - Ignition              Fire           64%        3d17      1%          8
b - Scorch                Fire           100%       2d9       0%          2
c - Summon Blazeheart Go  Fire/Summ      100%       N/A       1%          4
d - Blink                 Tloc           80%        N/A       1%          2
e - Foxfire               Conj/Fire      100%       2x1d9     0%          1
f - Irradiate             Conj/Alch      36%        3d23      1%          5
g - Summon Mana Viper     Hex/Summ       61%        N/A       4%          5

Your spell library contained the following spells:

 Spells                   Type           Power      Damage    Failure   Level
 Magic Dart               Conj           100%       1d8       0%          1
 Searing Ray              Conj           100%       2d8       0%          2
 Flame Wave               Conj/Fire      100%       2d21      0%          4
 Apportation              Tloc           80%        N/A       1%          1
 Kiss of Death            Conj/Necr      100%       2d13      1%          1
 Sting                    Conj/Alch      100%       1d9       1%          1
 Summon Small Mammal      Summ           100%       N/A       1%          1
 Call Imp                 Summ           100%       N/A       1%          2
 Call Canine Familiar     Summ           73%        N/A       1%          3
 Dazzling Flash           Conj/Hex       100%       N/A       1%          3
 Hailstorm                Conj/Ice       60%        3d11      1%          3
 Inner Flame              Hex/Fire       100%       N/A       1%          3
 Mephitic Cloud           Conj/Alch/Air  58%        N/A       1%          3
 Stone Arrow              Conj/Erth      100%       3d13      1%          3
 Summon Ice Beast         Ice/Summ       51%        N/A       1%          3
 Volatile Blastmotes      Fire/Tloc      100%       2d18      1%          3
 Fulminant Prism          Conj/Alch      36%        3d17      1%          4
 Ignite Poison            Fire/Alch      100%       N/A       1%          4
 Iskenderun's Mystic Bla  Conj/Tloc      67%        2d14      1%          4
 Sticky Flame             Fire/Alch      100%       2d15      1%          4
 Fireball                 Conj/Fire      59%        3d23      1%          5
 Sigil of Binding         Hex            46%        N/A       2%          3
 Tukima's Dance           Hex            46%        N/A       2%          3
 Cigotuvi's Dreadful Rot  Necr/Alch/Air  60%        N/A       3%          2
 Ensorcelled Hibernation  Hex/Ice        62%        N/A       3%          2
 Martyr's Knell           Necr/Summ      51%        N/A       4%          4
 Freeze                   Ice            64%        1d7       5%          1
 Necrotise                Necr           64%        1d7       5%          1
 Arcjolt                  Conj/Air       30%        1d40      5%          5
 Summon Forest            Summ/Tloc      29%        N/A       6%          5
 Sublimation of Blood     Necr           16%        N/A       9%          2
 Dimensional Bullseye     Hex/Tloc       21%        N/A       9%          4
 Alistair's Intoxication  Alch           36%        N/A       9%          5
 Manifold Assault         Tloc           40%        N/A       11%         4
 Leda's Liquefaction      Alch/Erth      18%        N/A       13%         4
 Petrify                  Alch/Erth      37%        N/A       13%         4
 Frozen Ramparts          Ice            32%        1d5       17%         3
 Fugue of the Fallen      Necr           16%        N/A       17%         3
 Ozocubu's Armour         Ice            16%        N/A       17%         3
 Anguish                  Hex/Necr       15%        N/A       21%         4
 Vhi's Electric Charge    Tloc/Air       56%        N/A       24%         4
 Monstrous Menagerie      Summ           36%        N/A       34%         7
 Summon Hydra             Summ           36%        N/A       34%         7
 Eringya's Noxious Bog    Alch           27%        4d6       43%         6
 Dispel Undead            Necr           16%        3d10      50%         4
 Metabolic Englaciation   Hex/Ice        15%        N/A       50%         5
 Silence                  Hex/Air        15%        N/A       50%         5
 Fire Storm               Conj/Fire      59%        8d15      75%         9
 Borgnjor's Vile Clutch   Necr/Erth      8%         N/A       83%         5
 Curse of Agony           Necr           16%        N/A       83%         5
 Sculpt Simulacrum        Ice/Alch       18%        N/A       90%         6
 Haunt                    Necr/Summ      25%        N/A       99%         7
 Death Channel            Necr           8%         N/A       100%        6
 Maxwell's Capacitive Co  Air            8%         ∞         100%        8


Dungeon Overview and Level Annotations

Branches:
Dungeon (15/15)            Temple (1/1) D:4            Lair (5/5) D:10
  Swamp (4/4) Lair:3       Spider (1/4) Lair:2        Slime (0/5) Lair:5
    Orc (2/2) D:11            Elf (3/3) Orc:2        Vaults (5/5) D:14
  Crypt (0/3) Vaults:3     Depths (0/4) D:15         Bailey (visited)
Desolation (visited)      Gauntlet (visited)

Altars:
Ashenzari
Cheibriados
Dithmenos
Elyvilon
Fedhas
Gozag
Hepliaklqana
Kikubaaqudgha
Makhleb
Nemelex Xobeh
Okawaru
Qazlal
Ru
Sif Muna
Trog
Uskayaw
Vehumet
Wu Jian
Xom
Yredelemnul
Zin
The Shining One
Beogh
Jiyva
Lugonu

Shops:
D:10 [   D:14 (   Orc:2 *!(:   Elf:1 (   Elf:2 *

Portals:
Abyss: Lair:3 Lair:5

Annotations:
D:1 exclusion: downstairs
D:10 exclusion: upstairs
D:11 exclusion: downstairs
D:13 3 runed translucent doors, Rogih's ghost, journeyman MiFi
D:14 3 runed translucent doors, Dunag's ghost, journeyman MiFi
D:15 3 runed translucent doors, dirtblock2017's ghost, weakling FoFi
Lair:3 2 transporters, Bravepunisher's ghost, journeyman SpMo
Swamp:3 1 runed translucent door, 2 transporters, exclusion: obsidian statue, Naistiu's ghost, adept DESu
Spider:1 3 exclusions
Elf:2 6 runed translucent doors, Viaheush's ghost, journeyman GnWn


Innate Abilities, Weirdness & Mutations

You are amphibious.
You cover ground slowly.
You can hop long distances.
You have an extended range of vision and can be seen from far away.
You occasionally shout uncontrollably at your foes.
You are weak. (Str -2)
Your health recovers twice as slowly from being drained.


Message History

The titan is distracted by your dazzling golden aura.
A tengu reaver comes into view.
It is wielding a +2 battleaxe of freezing.
The titan shouts!
The ironbound thunderhulk shouts!
The dread lich shouts!
The tengu reaver shouts!
The vault warden shouts!
You hear a deafening roar!
The Ice Fiend roars!
The Ice Fiend is no longer distracted by gold.
The ancient lich is no longer distracted by gold.
The ironbound thunderhulk is no longer distracted by gold.
The white very ugly thing tentacle-slaps you.
The white very ugly thing freezes you!!
A quicksilver dragon comes into view.
The vault sentinel points at you and mumbles some strange words.
A sentinel's mark forms upon you. The shadow dragon bites you!
The shadow dragon claws you but does no damage. x2
The ancient lich gestures at you while chanting.
You barely resist.
Electricity crackles from the ironbound thunderhulk's apparatus.
The bolt of lightning hits you!!!
* * * LOW HITPOINT WARNING * * *
The vault sentinel blows a loud note on a signal horn!
The yaktaur captain shoots a bolt.
The bolt hits you!!!
* * * LOW HITPOINT WARNING * * *
You hear a shout!
You hear a horrible gurgling sound!
You hear a shout! x3
You hear a screech!
You hear a shout! x2
The ogre mage is no longer distracted by gold.
The storm dragon is no longer distracted by gold.
A green very ugly thing comes into view.
The white very ugly thing tentacle-slaps you!
* * * LOW HITPOINT WARNING * * *
The white very ugly thing freezes you!!
* * * LOW HITPOINT WARNING * * *
A golden dragon comes into view.
An ironbound preserver comes into view. It is wielding a +0 great mace.
The shadow dragon bites you but does no damage.
The shadow dragon barely misses you.
The shadow dragon claws you but does no damage.
The yaktaur captain shoots a bolt.
The bolt hits you!
You die...
Your body crumbles into a pile of gold.

$u# . #$$..#
$#.#.#....# #
##..#.#.$..# .#
..C..#....# D..
#$..#.$$.#.#.#
.C.$$[$$p.$..
######.$....$.###
.....^$D.<<.)$.$.
.....$$$@L.<.$...
......$$$u<.$....
.......$....$....
######..$$$C$Q###
cO..$$$Ce.D
##.#....#$#.#
#p#....#DL#p
#p#....# #1#
..#....# ..


You could see a shadow dragon, an ironbound preserver, 3 titans, a golden
dragon, an ancient lich, a dread lich (fast), a storm dragon, 2 very ugly
things, an Ice Fiend (summoned), a quicksilver dragon, a stone giant, a vault
warden, an ironbound thunderhulk, a tengu reaver (repels missiles), a deep elf
death mage, a yaktaur captain and 2 vault sentinels.

Vanquished Creatures
  A dread lich (Vaults:4)
  Saint Roka (Orc:2)
  2 golden dragons (Vaults:5)
  A tentacled monstrosity (Vaults:4)
  A quicksilver dragon (Vaults:3)
  A titan (Vaults:5)
  Rupert (D:13)
  2 deep elf blademasters (Elf:3)
  2 sphinxes
  2 deep elf master archers (Elf:3)
  An ancient champion (Vaults:3)
  A tengu reaver (Vaults:5)
  A storm dragon (Vaults:5)
  Gastronok (D:10)
  Kirke (Swamp:1)
  A revenant (Vaults:3)
  A frost giant (Vaults:5)
  9 vault wardens
  A fire giant (Vaults:3)
  3 imperial myrmidons (Desolation)
  4 deep elf sorcerers (Elf:3)
  3 deep elf elementalists (Elf:3)
  13 ironbound preservers
  2 formless jellyfish
  A vampire knight (Vaults:3)
  6 ironbound thunderhulks
  6 eleionomae
  A stone giant (Vaults:5)
  5 deep elf demonologists
  3 halazid warlocks (Desolation)
  3 deep elf annihilators (Elf:3)
  2 bunyips (Swamp:3)
  A minotaur (Gauntlet)
  2 deep elf death magi (Elf:3)
  Azrael (D:12)
  9 dire elephants
  2 ettins
  4 entropy weavers
  10 yaktaur captains
  5 ragged hierophants (Desolation)
  4 servants of whispers (Desolation)
  7 deep elf high priests
  Fannar (D:10)
  4 ice dragons (Swamp:4)
  5 great orbs of eyes
  A rakshasa (D:15)
  5 ogre magi
  3 ghost crabs
  4 boulder beetles
  7 ironbound frosthearts
  4 peacekeepers (Desolation)
  19 hydras
  28 vault guards
  A jorogumo (Spider:1)
  2 catoblepae
  10 alligators
  9 dancing weapons
  9 centaur warriors
  12 two-headed ogres
  3 death yaks (Lair:5)
  A radroach (Spider:1)
  3 tengu warriors
  An orc high priest (Elf:1)
  3 thrashing horrors (Lair:5)
  A deep troll earth mage (Vaults:4)
  Urug (D:10)
  3 demonic crawlers
  Sonja (Lair:2)
  5 deep elf knights
  Lodul (D:10)
  5 skysharks
  2 pharaoh ants (Spider:1)
  5 goliath frogs
  25 deep trolls
  3 large abominations (Lair:5)
  9 deep elf archers
  3 orb spiders (Spider:1)
  6 spriggan druids
  A swamp dragon (Swamp:2)
  A flayed ghost (Vaults:5)
  7 arcanists
  4 bog bodies
  19 ironbound convokers
  8 lindwurms
  2 glowing orange brains
  3 orc knights
  6 harpies (Vaults:1)
  5 phantasmal warriors
  2 necromancers
  26 deep elf zephyrmancers
  3 wolf spiders (Spider:1)
  3 orc sorcerers
  32 deep elf pyromancers
  3 manticores
  21 ugly things
  A will-o-the-wisp (Swamp:3)
  An elephant (shapeshifter) (D:14)
  3 cyclopes
  15 elephants
  A moth of wrath (shapeshifter) (Elf:2)
  A moth of wrath (Spider:1)
  3 meliai (Spider:1)
  4 kobold blastminers
  A rust devil (Gauntlet)
  13 vault sentinels
  2 guardian serpents (Desolation)
  7 black mambas
  13 cane toads
  3 torpor snails (Spider:1)
  A cane toad (shapeshifter) (Lair:5)
  12 komodo dragons
  7 freezing wraiths
  2 centaur skeletons (D:15)
  31 yaktaurs
  5 rime drakes
  4 tengu conjurers (D:15)
  12 trolls
  8 tyrant leeches
  A troll (shapeshifter) (D:13)
  3 polar bears
  9 hornets
  13 tarantellas (Spider:1)
  18 blink frogs
  42 saltlings (Desolation)
  6 dream sheep
  A raiju (Gauntlet)
  29 slime creatures
  14 jumping spiders (Spider:1)
  2 centaur simulacra (D:15)
  A water elemental (Elf:1)
  A shadow (D:7)
  50 yaks
  4 culicivoras (Spider:1)
  9 spriggans
  4 wyverns
  2 vampires
  2 wraiths
  3 ynoxinuls
  A human (shapeshifter) (Elf:3)
  4 hogs (Swamp:1)
  3 basilisks
  5 wargs
  5 swamp worm simulacra (Swamp:4)
  A redback (shapeshifter) (Vaults:5)
  20 redbacks
  Grum (D:8)
  4 vampire mosquitoes
  A chaos spawn (Lair:5)
  6 swamp worms
  An acid dragon (D:11)
  17 water moccasins
  13 hydra simulacra (Swamp:4)
  A glowing shapeshifter skeleton (Vaults:3)
  3 ice beasts
  A sky beast (D:7)
  3 swamp drakes (Swamp:2)
  24 orc warriors
  2 black bears
  5 boggarts (D:15)
  4 laughing skulls
  5 small abominations (Lair:5)
  7 centaurs
  26 ogres
  29 wolves
  3 kobold brigands
  2 human zombies (Vaults:3)
  18 bullfrogs
  5 scorpions
  An earth elemental (Elf:1)
  A gnoll sergeant (D:11)
  6 wights
  10 killer bees
  5 howler monkeys
  3 electric eels
  3 hounds
  2 jellies
  6 sleepcaps
  11 orc priests
  2 iron imps (Gauntlet)
  5 iguanas
  A gnoll bouda (D:7)
  20 orc wizards
  A boggart skeleton (D:15)
  2 nameless horrors
  6 gnolls
  7 adders
  2 white imps
  3 swamp drake simulacra (Swamp:4)
  2 ribbon worms
  3 dart slugs
  101 orcs
  5 ball pythons
  3 endoplasms
  5 giant cockroaches
  3 goblins
  7 hobgoblins
  7 jackals
  19 kobolds
  4 bats
  2 frilled lizards
  7 rats
  2 butterflies (Lair:1)
1330 creatures vanquished.

Vanquished Creatures (collateral kills)
  Norris (Elf:3)
  A lich (Vaults:4)
  2 deep elf sorcerers
  3 deep elf elementalists
  2 vault wardens
  2 ironbound thunderhulks (Vaults:3)
  A formless jellyfish (Vaults:1)
  An eleionoma (Swamp:1)
  3 deep elf annihilators (Elf:3)
  3 deep elf death magi
  A deep elf high priest (Elf:3)
  A hydra (Swamp:1)
  A vault guard (Vaults:3)
  A great orb of eyes (Vaults:3)
  2 peacekeepers (Desolation)
  A servant of whispers (Desolation)
  An alligator (Swamp:4)
  2 ironbound frosthearts
  A sphinx skeleton (Vaults:3)
  2 dancing weapons
  A demonic crawler (Lair:2)
  4 deep elf knights
  A skyshark (Lair:5)
  A spriggan druid (Swamp:3)
  A deep troll (Vaults:1)
  2 goliath frogs
  4 deep elf archers
  2 bog bodies (Swamp:1)
  An arcanist (Vaults:4)
  3 ironbound convokers
  5 deep elf zephyrmancers
  A necromancer (D:15)
  An orc knight (D:15)
  5 deep elf pyromancers
  2 cyclopes
  2 ugly things
  A will-o-the-wisp (Swamp:1)
  An elephant (Lair:5)
  8 vault sentinels
  A human skeleton (Vaults:3)
  2 cane toads (Lair:2)
  A molten gargoyle (Desolation)
  A gargoyle (D:14)
  A komodo dragon (D:10)
  An efreet (D:13)
  A rime drake (Lair:4)
  A tengu conjurer (D:14)
  Psyche (D:9)
  2 tyrant leeches
  A hornet (D:7)
  A raiju (shapeshifter) (Lair:5)
  A tarantella (Spider:1)
  Prince Ribbit (D:8)
  3 saltlings (Desolation)
  A raiju (Lair:5)
  A shadow (D:9)
  A centaur simulacrum (D:14)
  A culicivora (Vaults:3)
  2 spriggans
  A wyvern (Lair:1)
  8 yaks
  A wraith (D:12)
  3 fire elementals (D:12)
  A hog (Swamp:1)
  3 vampire mosquitoes
  A basilisk (Lair:3)
  A steam dragon (Gauntlet)
  2 water moccasins
  2 hydra simulacra (Swamp:4)
  A hell hound (D:12)
  A hornet zombie (D:15)
  2 orc warriors
  8 ogres
  4 wolves
  An earth elemental (Elf:3)
  A bullfrog (Lair:3)
  A small abomination (Lair:5)
  A wight (D:9)
  A killer bee (D:9)
  An orc priest (D:12)
  An iron imp (Gauntlet)
  A gnoll (D:11)
  7 orcs
  2 kobolds (D:10)
  22 foxfires
181 creatures vanquished.

Vanquished Creatures (others)
  A tengu warrior (D:14)
  2 bloated husks
  An orc (Orc:1)
  205 blazeheart cores
  1502 foxfires
1711 creatures vanquished.

Grand Total: 3222 creatures vanquished

Notes
Turn   | Place    | Note
-------+----------+-------------------------------------------
     0 | D:1      | ragingrage the Barachi Fire Elementalist began the quest
                  | for the Orb.
     0 | D:1      | Reached XP level 1. HP: 13/13 MP: 3/3
   219 | D:1      | Reached XP level 2. HP: 15/19 MP: 1/5
   271 | D:1      | Learned a level 2 spell: Scorch
   615 | D:1      | Reached XP level 3. HP: 24/24 MP: 2/6
  1027 | D:2      | Reached skill level 4 in Fire Magic
  1744 | D:2      | Found a hide-covered altar of Uskayaw.
  1791 | D:2      | Reached XP level 4. HP: 30/30 MP: 0/7
  2402 | D:3      | Learned a level 4 spell: Summon Blazeheart Golem
  2542 | D:3      | Reached skill level 1 in Summonings
  3197 | D:3      | Found a sacrificial altar of Ru.
  3203 | D:3      | Became a worshipper of Ru the Awakened
  3360 | D:4      | Reached skill level 5 in Fire Magic
  3360 | D:4      | Reached XP level 5. HP: 35/35 MP: 8/8
  3519 | D:4      | Found a staircase to the Ecumenical Temple.
  3599 | Temple   | Entered the Ecumenical Temple
  3631 | Temple   | Fell from the grace of Ru
  3631 | Temple   | Became a worshipper of Gozag Ym Sagoz the Greedy
  3839 | D:4      | Reached skill level 1 in Short Blades
  3839 | D:4      | Reached XP level 6. HP: 41/41 MP: 9/9
  4225 | D:4      | Identified the +1 leather armour of Xoiggi {rF+}
  4607 | D:5      | Entered Level 5 of the Dungeon
  4745 | D:5      | Learned a level 2 spell: Blink
  4818 | D:5      | Found a burning altar of Makhleb.
  4820 | D:5      | Found an ancient bone altar of Kikubaaqudgha.
  4820 | D:5      | Found a radiant altar of Vehumet.
  4820 | D:5      | Found a sparkling altar of Nemelex Xobeh.
  4820 | D:5      | Found a bloodstained altar of Trog.
  4826 | D:5      | Reached skill level 6 in Fire Magic
  4826 | D:5      | Reached XP level 7. HP: 46/46 MP: 10/10
  4867 | D:5      | Found a shadowy altar of Dithmenos.
  4867 | D:5      | Found a shimmering altar of Xom.
  5124 | D:5      | Reached skill level 1 in Translocations
  5562 | D:5      | Reached skill level 5 in Summonings
  5892 | D:6      | Reached XP level 8. HP: 52/52 MP: 12/12
  5895 | D:6      | Reached skill level 7 in Fire Magic
  6325 | D:6      | Reached skill level 8 in Fire Magic
  6329 | D:6      | Reached skill level 1 in Fighting
  6840 | D:7      | Reached skill level 9 in Fire Magic
  6963 | D:7      | Reached XP level 9. HP: 58/66 MP: 11/14
  7059 | D:7      | Noticed a hornet
  7223 | D:7      | Reached skill level 5 in Fighting
  7359 | D:7      | Killed a hornet
  7735 | D:7      | You fall into a shaft and drop 3 floors!
  7735 | D:10     | Entered Level 10 of the Dungeon
  7762 | D:9      | Noticed Psyche
  7940 | D:10     | Noticed a troll
  7952 | D:10     | Killed a troll
  7953 | D:10     | Reached skill level 10 in Fire Magic
  8201 | D:10     | Noticed an elephant
  8206 | D:10     | Reached XP level 10. HP: 80/80 MP: 16/16
  8222 | D:10     | Reached skill level 11 in Fire Magic
  8246 | D:10     | Killed an elephant
  8885 | D:10     | Noticed Lodul
  8893 | D:10     | Paralysed by Lodul for 4 turns
  8897 | D:10     | Killed Lodul
  9045 | D:10     | Reached skill level 5 in Dodging
  9266 | D:10     | Reached skill level 10 in Fighting
  9354 | D:10     | Found a staircase to the Lair.
  9373 | D:10     | Found Jihycargh's Antique Armour Boutique.
  9382 | D:10     | Bought a jewelled troll leather armour for 480 gold pieces
  9382 | D:10     | Identified the +0 troll leather armour "Amoc" {Fly rC+
                  | Regen+ rCorr Int-3} (You bought it in a shop on level 10 of
                  | the Dungeon)
  9406 | D:9      | Reached XP level 11. HP: 90/90 MP: 17/17
  9418 | D:9      | Reached skill level 1 in Evocations
  9639 | D:9      | Found a broken altar of Ashenzari.
  9646 | D:9      | Killed Psyche
 10929 | D:8      | Found a flagged portal.
 10935 | D:8      | Reached skill level 5 in Spellcasting
 10951 | Bailey   | Entered a bailey
 11008 | Bailey   | Noticed an orc knight
 11300 | Bailey   | Killed an orc knight
 11403 | Bailey   | Found a large runed translucent door.
 11403 | Bailey   | Found a large runed translucent door.
 11404 | Bailey   | Noticed a deep elf pyromancer
 11405 | Bailey   | Found the +18 shield of the Gong {Loud rN+ Will+ rCorr
                  | EV-5}
 11422 | Bailey   | Killed a deep elf pyromancer
 11983 | D:8      | Noticed Prince Ribbit
 11995 | D:8      | Killed Prince Ribbit
 12102 | D:8      | Noticed Grum
 12112 | D:8      | Killed Grum
 12682 | D:7      | Identified the +1 rapier of Wounding {freeze, Stlth+}
 13001 | Lair:1   | Entered Level 1 of the Lair of Beasts
 13560 | Lair:1   | Reached XP level 12. HP: 100/100 MP: 21/21
 13598 | Lair:1   | Reached skill level 5 in Evocations
 13627 | Lair:1   | Learned a level 4 spell: Flame Wave
 14541 | Lair:1   | Got Iddummuk's Exposition on Magnum Ignition
 14548 | Lair:1   | Learned a level 5 spell: Irradiate
 14583 | Lair:1   | Reached skill level 1 in Alchemy
 14897 | Lair:2   | Noticed Sonja
 14903 | Lair:2   | Killed Sonja
 15067 | Lair:2   | Reached skill level 5 in Conjurations
 15733 | Lair:2   | Reached skill level 5 in Alchemy
 16057 | Lair:2   | Gained mutation: You can hop long distances. [Barachi
                  | growth]
 16057 | Lair:2   | Reached XP level 13. HP: 87/111 MP: 22/22
 16459 | Lair:2   | Found a hole to the Spider Nest.
 17712 | Lair:2   | Found a radiant altar of Vehumet.
 17966 | Lair:3   | Reached skill level 10 in Conjurations
 17999 | Lair:3   | Found a gate leading to a gauntlet.
 18106 | Gauntlet | Entered a Gauntlet
 18106 | Gauntlet | Found a transporter.
 18106 | Gauntlet | Found a transporter.
 18114 | Gauntlet | Found a transporter.
 18127 | Gauntlet | Found a transporter.
 18133 | Gauntlet | Found a runed translucent gate.
 18133 | Gauntlet | Found a runed translucent gate.
 18133 | Gauntlet | Found a runed translucent gate.
 18135 | Gauntlet | Found a transporter.
 18139 | Gauntlet | Found a transporter.
 18147 | Gauntlet | Found a transporter.
 18166 | Gauntlet | Found a transporter.
 18183 | Gauntlet | Found a transporter.
 18187 | Gauntlet | Found a transporter.
 18196 | Gauntlet | Found a transporter.
 18199 | Gauntlet | Found a transporter.
 18410 | Gauntlet | Identified the death talisman of Etoh {rF- rCorr Int+3
                  | Dex+3}
 18603 | Gauntlet | Got the Papyrus of the Conjured Tundra
 18667 | Gauntlet | Noticed a minotaur
 18674 | Gauntlet | Killed a minotaur
 19059 | Lair:3   | Found a transporter.
 19259 | Lair:3   | Found a transporter.
 19263 | Lair:3   | Found a one-way gate to the infinite horrors of the Abyss.
 19263 | Lair:3   | Noticed Bravepunisher's ghost (journeyman SpMo)
 19470 | Lair:3   | Found a staircase to the Swamp.
 20539 | Lair:3   | Reached XP level 14. HP: 118/118 MP: 23/23
 21494 | Lair:5   | Entered Level 5 of the Lair of Beasts
 22436 | Lair:5   | Reached skill level 12 in Fire Magic
 23615 | Lair:5   | Found a viscous altar of Jiyva.
 23617 | Lair:5   | Found a staircase to the Slime Pits.
 24280 | Lair:5   | Reached skill level 13 in Fire Magic
 24997 | Lair:5   | Reached skill level 14 in Fire Magic
 25820 | Lair:5   | Found a corrupted altar of Lugonu.
 26121 | D:10     | Noticed Urug
 26128 | D:10     | Killed Urug
 26129 | D:10     | Reached XP level 15. HP: 79/124 MP: 20/25
 26317 | D:10     | Noticed Gastronok
 26346 | D:10     | Killed Gastronok
 26347 | D:10     | Reached skill level 15 in Fire Magic
 26685 | D:10     | Noticed Fannar
 26697 | D:10     | Killed Fannar
 26895 | D:11     | Found a roughly hewn altar of Beogh.
 26895 | D:11     | Found a staircase to the Orcish Mines.
 28062 | Orc:1    | Entered Level 1 of the Orcish Mines
 28071 | Orc:1    | Found a frozen archway.
 28083 | Orc:2    | Entered Level 2 of the Orcish Mines
 28087 | Orc:2    | Noticed Saint Roka
 28271 | D:12     | Learned a level 8 spell: Ignition
 28985 | D:12     | Reached skill level 16 in Fire Magic
 29227 | D:12     | Noticed Azrael
 29526 | D:13     | Identified the maw talisman "Reaxzeott" {rF+ Dex+3}
 29615 | D:13     | Noticed Rupert
 29627 | D:13     | Killed Rupert
 30291 | D:13     | Found a runed translucent gate.
 30291 | D:13     | Found a runed translucent gate.
 30394 | D:13     | Found an ancient bone altar of Kikubaaqudgha.
 30394 | D:13     | Noticed a lich
 30395 | D:13     | Noticed a lich
 30396 | D:13     | Noticed Rogih's ghost (journeyman MiFi)
 30396 | D:13     | Noticed a lich
 30398 | D:13     | Noticed a lich
 30498 | D:13     | Found a runed translucent gate.
 31177 | D:12     | Killed Azrael
 32027 | D:14     | Reached skill level 17 in Fire Magic
 32264 | D:14     | Found a runed translucent gate.
 32264 | D:14     | Found a runed translucent gate.
 32265 | D:14     | Found a runed translucent gate.
 32266 | D:14     | Noticed Dunag's ghost (journeyman MiFi)
 32511 | D:14     | Found Ysekack's Antique Weapon Emporium.
 32810 | D:14     | Found a gate to the Vaults.
 33253 | D:15     | Entered Level 15 of the Dungeon
 33260 | D:14     | Gained mutation: Your health recovers twice as slowly from
                  | being drained. [mutagenic glow]
 33277 | D:14     | Gained mutation: You occasionally shout uncontrollably at
                  | your foes. [mutagenic glow]
 33437 | D:15     | Reached skill level 1 in Shields
 35616 | D:15     | Identified the +1 plate armour of the Orb Guardian {Dex+3}
 35616 | D:15     | Noticed an orc warlord
 35616 | D:15     | Noticed dirtblock2017's ghost (weakling FoFi)
 35731 | D:15     | Reached skill level 18 in Fire Magic
 35967 | D:15     | Identified the +1 pair of boots "Notaj" {Int+4}
 36154 | D:15     | Reached XP level 16. HP: 122/131 MP: 4/26
 36780 | D:15     | Found a runed translucent gate.
 36781 | D:15     | Found a runed translucent gate.
 36782 | D:15     | Found a runed translucent gate.
 36782 | D:15     | Found a roughly hewn altar of Beogh.
 36782 | D:15     | Identified the ring "Otast" {rPois rCorr MP+9}
 36784 | D:15     | Identified the +9 plate armour "Weid" {-Tele Dex+4 SInv}
 37127 | D:15     | Found a staircase to the Depths.
 37578 | Orc:1    | Reached skill level 19 in Fire Magic
 37974 | Orc:1    | You fall into a shaft and drop 1 floor!
 37978 | Orc:2    | Found Ridoigha's Assorted Antiques.
 38038 | Orc:2    | Killed Saint Roka
 38868 | Orc:2    | Reached skill level 1 in Maces & Flails
 39222 | Orc:2    | Found Iduren's Antique Weapon Emporium.
 39225 | Orc:2    | Found Nattemagh's Book Shoppe.
 40390 | Orc:2    | Found Bueji's Distillery.
 40436 | Orc:2    | Found a staircase to the Elven Halls.
 40459 | Orc:2    | Reached skill level 20 in Fire Magic
 40561 | Orc:2    | Bought a potion of brilliance for 68 gold pieces
 40561 | Orc:2    | Bought a potion of haste for 170 gold pieces
 40945 | Swamp:1  | Entered Level 1 of the Swamp
 42185 | Swamp:1  | Noticed Kirke
 43586 | Swamp:1  | Reached XP level 17. HP: 113/137 MP: 11/30
 43586 | Swamp:1  | Killed Kirke
 43792 | Swamp:1  | Reached skill level 1 in Armour
 45276 | Swamp:2  | Identified a scroll of acquirement
 45343 | Swamp:2  | Reached skill level 5 in Maces & Flails
 45352 | Swamp:1  | Acquired a book of Beasts
 45747 | Swamp:2  | Learned a level 5 spell: Summon Mana Viper
 45830 | Swamp:2  | Reached skill level 1 in Hexes
 46263 | Swamp:3  | Noticed Naistiu's ghost (adept DESu)
 46263 | Swamp:3  | Found a runed translucent door.
 46867 | Swamp:3  | Found a transporter.
 46888 | Swamp:3  | Noticed a tentacled monstrosity
 47118 | Swamp:3  | Found a transporter.
 47497 | Swamp:3  | Reached skill level 5 in Hexes
 47996 | Swamp:4  | Entered Level 4 of the Swamp
 50684 | Swamp:4  | Got a decaying rune of Zot
 50883 | Spider:1 | Entered Level 1 of the Spider Nest
 50886 | Spider:1 | Reached skill level 5 in Armour
 50886 | Spider:1 | Reached skill level 10 in Spellcasting
 51111 | Lair:2   | Reached XP level 18. HP: 58/146 MP: 23/32
 51573 | Lair:2   | Reached skill level 21 in Fire Magic
 52144 | Spider:1 | Reached skill level 10 in Dodging
 53739 | Elf:1    | Entered Level 1 of the Elven Halls
 54893 | Elf:1    | Found Muodwoy's Weapon Emporium.
 55221 | Elf:1    | Reached skill level 10 in Summonings
 55392 | Elf:1    | Got the Tome of Momentum and the Mirage
 55394 | Elf:1    | Upgraded the game from 0.32-a0-450-g080537f31e to
                  | 0.32-a0-468-g38b2580584
 56113 | Elf:2    | Found Bedypixo's Assorted Antiques.
 56128 | Elf:2    | Bought a sedimented cyan potion for 27 gold pieces
 56128 | Elf:2    | Bought a runed buckler for 232 gold pieces
 56148 | Elf:2    | Bought an encrusted steel ring for 155 gold pieces
 56326 | Elf:2    | Found a runed translucent gate.
 56327 | Elf:2    | Found a runed translucent gate.
 56327 | Elf:2    | Found a runed translucent gate.
 56370 | Elf:2    | Noticed a Tzitzimitl
 56606 | Elf:2    | Found a runed translucent gate.
 56606 | Elf:2    | Found a runed translucent gate.
 56607 | Elf:2    | Found a runed translucent gate.
 56608 | Elf:2    | Noticed Viaheush's ghost (journeyman GnWn)
 56613 | Elf:2    | Found a viscous altar of Jiyva.
 56821 | Elf:2    | Noticed a deep elf blademaster
 56880 | Elf:3    | Entered Level 3 of the Elven Halls
 57878 | Elf:3    | Reached skill level 22 in Fire Magic
 57892 | Elf:3    | Noticed Norris
 57894 | Elf:3    | Reached XP level 19. HP: 130/152 MP: 28/33
 57900 | Elf:3    | Killed Norris
 61203 | Elf:3    | Reached skill level 23 in Fire Magic
 61367 | Elf:3    | Identified the +1 quarterstaff of Tywihin {venom, rF+
                  | Str+3}
 61826 | Elf:3    | Found the +6 lightning scales {swift, rElec}
 61917 | Elf:3    | Identified the dragon-blood talisman of Bad Feelings {rN+
                  | Str+3 Dex-2 Stlth+}
 61959 | Elf:3    | Got the Annotations on Momentum
 63920 | Vaults:1 | Entered Level 1 of the Vaults
 65084 | Vaults:1 | Paralysed by a formless jellyfish for 1 turns
 65234 | Vaults:1 | Reached XP level 20. HP: 159/159 MP: 28/35
 65652 | Vaults:1 | Identified the +0 ring mail of Rotation {rN++}
 66104 | Vaults:1 | Reached skill level 10 in Maces & Flails
 66260 | Vaults:1 | Reached skill level 24 in Fire Magic
 66355 | Vaults:1 | Identified the +1 scale mail of Least Resistance {rF+ rN++
                  | Int-2 SInv}
 66686 | Vaults:2 | Paralysed by a sphinx for 3 turns
 69197 | Vaults:3 | Reached skill level 25 in Fire Magic
 69370 | Vaults:3 | Found a staircase to the Crypt.
 70809 | Vaults:3 | Reached skill level 5 in Shields
 71562 | Vaults:3 | Reached XP level 21. HP: 165/166 MP: 11/36
 72513 | Vaults:4 | Found a crumbling gateway.
 72572 | Desolati | Entered the Desolation of Salt
 72773 | Desolati | Identified the +9 flail of Xaschaaqy {heavy, rN++ Dex+4
                  | Stlth+}
 73288 | Desolati | Identified the +4 hand axe of the Beastly God {flame, rPois
                  | Int+3}
 73292 | Desolati | Identified the ring "Hacaapar" {rElec rF- rN+ EV+5 Str+3}
 73600 | Desolati | Reached skill level 15 in Fighting
 74066 | Desolati | Reached skill level 15 in Conjurations
 74150 | Desolati | Identified the ring of Bastoawi {^Drain rPois EV+5 Dex+6}
 74154 | Desolati | Identified the ring "Ylompya" {*Slow rPois EV+5 Int+5}
 74566 | D:10     | Bought a shiny ring mail for 168 gold pieces
 76178 | Vaults:4 | Reached skill level 10 in Armour
 77068 | Vaults:4 | Paralysed by an ogre mage for 5 turns
 77601 | Vaults:5 | Entered Level 5 of the Vaults
 77603 | Vaults:5 | Reached XP level 22. HP: 161/178 MP: 37/37
 77605 | Vaults:5 | Noticed a golden dragon
 77689 | Vaults:5 | Noticed a dread lich
 77691 | Vaults:5 | Noticed a golden dragon
 77768 | Vaults:5 | Noticed an ancient lich
 77788 | Vaults:4 | Paralysed by something for 3 turns
 77793 | Vaults:4 | Gained mutation: You are weak. (Str -2) [mutagenic glow]
 77795 | Vaults:4 | Killed a dread lich
 78037 | Vaults:5 | Noticed a dread lich
 78038 | Vaults:5 | Killed a golden dragon
 78038 | Vaults:5 | Killed a golden dragon
 78046 | Vaults:5 | HP: 2/177 [white very ugly thing (16)]
 78046 | Vaults:5 | Noticed a golden dragon
 78046 | Vaults:5 | Shot with a bolt by a yaktaur captain

Illustrated notes

Levels and vault maps discovered:
D:1:      dpeg_arrival_leaves_temple_mockup, layout_basic, minmay_ruptured
D:2:      layout_basic, basic_altar, minmay_octomino_e4
D:3:      layout_basic, nicolae_ru_the_path_less_chosen
D:4:      layout_basic, minmay_temple_entry_slanted
D:5:      layout_loops_ring, grunt_temple_overflow_open, nicolae_tricolors
D:6:      layout_cave_pools
D:7:      minmay_clustersquares, layout_rooms, kennysheep_generic_room_2
D:8:      layout_loops_ring, enter_bailey_2, uniq_prince_ribbit1, uniq_grum
D:9:      layout_basic, kennysheep_little_box, uniq_psyche
D:10:     layout_loops_ring, grunt_lair_entry_orc_guard_hut, serial_shops, shop,
          uniq_lodul, uniq_gastronok, uniq_fannar, uniq_urug
D:11:     layout_rooms, david_orc_5
D:12:     layout_loops_corners, uniq_azrael
D:13:     layout_loops_corners, gammafunk_ghost_crypt, nicolae_wwwww,
          uniq_rupert
D:14:     layout_loops_ring, hellmonk_vaults_keyhole, serial_shops,
          nicolae_shop_gibbet_a_chance, gammafunk_ghost_necromancy,
          nicolae_kite_square_tiling_tiny
D:15:     grunt_enter_depths_magical_seal, layout_long_grid,
          biasface_ghost_orc_armoury
Temple:   hellmonk_temple_forest_ring
Lair:1:   layout_cave_pods, beast_lair_carwin_6, lemuel_fruit_fields,
          lemuel_fruit_fields, grunt_megastairs_2
Lair:2:   cheibrodos_lair_river_kwai, layout_chaotic_city, dummy_spider_entry,
          basic_altar, beast_lair_carwin_1, grunt_megastairs_4,
          lemuel_fruit_tree, uniq_sonja
Lair:3:   layout_chaotic_city, swamp_mist, gammafunk_ghost_abyssal_escape,
          gauntlet_entry_generic
Lair:4:   layout_cellular_growth, fungi_pond_lemuel,
          grunt_forest_large_clearings, grunt_megastairs_3
Lair:5:   hellmonk_lair_end_abyssal_woods, layout_loops_ring,
          minmay_slime_entry_oklob_enclosed, grunt_megastairs_1
Swamp:1:  layout_basic_swamp, evilmike_swamp_ruin_house_6, swamp_pool_1_2,
          nicolae_swamp_some_circles, uniq_kirke
Swamp:2:  layout_basic_swamp, nicolae_swamp_well_well_well, st_swamp_ruins_2
Swamp:3:  gammafunk_sealed_arena, layout_falls_marsh, gammafunk_ghost_grave,
          hangedman_swamp_ruin_wall
Swamp:4:  swamp_icy, layout_basic_swamp, swamp_pool_3
Spider:1: layout_spider_delve, nicolae_spider_circle_web, drop_trap
Orc:1:    layout_caves, portal_ice_cave_entry_pillars_2, elves_outpost_lemuel
Orc:2:    st_orc_open, layout_caves, uniq_saint_roka
Elf:1:    eino_elf_arrival_shootout, layout_loops_cross, serial_shops,
          nicolae_shop_bloodbath_and_beyond, minmay_elf_sorcery
Elf:2:    nicolae_elf_blades_crystal_corner, layout_geoelf_grid,
          gammafunk_ghost_ooze, serial_shops, nicolae_diamond_shop, uniq_donald
Elf:3:    minmay_elf_hall_quartered_circle, layout_geoelf_castle,
          amethyst_killhole, uniq_norris
Vaults:1: nicolae_vaults_door_testing_chamber, v_rooms_5,
          nicolae_vaults_more_shelving_1, vaults_room_fancy_cross,
          nicolae_vaults_big_ls, v_misc_18, nicolae_vaults_trapezoid_lopsided_3,
          nicolae_vaults_storage_closets_3, st_check,
          nicolae_vaults_little_squares_2, layout_vaults_ring
Vaults:2: nicolae_vaults_network_quincunx
          [nicolae_vaults_network_quincunx_subvault,
          nicolae_vaults_network_quincunx_subvault,
          nicolae_vaults_network_quincunx_subvault,
          nicolae_vaults_network_quincunx_subvault,
          nicolae_vaults_network_quincunx_subvault], nicolae_vaults_diamond_2,
          v_misc_17, ontoclasm_vaults_decontamination, vaults_room_fours,
          nicolae_vaults_shelves_hall, nicolae_vaults_six-pack, v_misc_13,
          layout_vaults_quadrants
Vaults:3: nicolae_vaults_storage_room_doors, hangedman_vaults_restitches,
          minmay_crypt_entry_simple_round, hangedman_vaults_hat,
          nicolae_vaults_closet_pinwheel_2, nicolae_vaults_prndl, v_pattern_3,
          nicolae_vaults_turnstiles, vaults_room_guarded_vault,
          grunt_vaults_twisty, v_alt_pattern_3, layout_vaults_big_room
Vaults:4: portal_desolation_entry_ruin, hangedman_vaults_stretched_pinwheel,
          hangedman_vaults_impose, nicolae_vaults_house_2, v_alt_pattern_2,
          ontoclasm_vaults_spin, ontoclasm_vaults_pinch,
          vaults_standard_mumra_x, nicolae_vaults_closet_pinwheel_6,
          nicolae_vaults_library_corner, hangedman_vaults_cutoff,
          nicolae_vaults_wine_cellar, ontoclasm_vaults_gateway,
          layout_vaults_omnicross
Vaults:5

Skill      XL: |  1  2  3  4  5  6  7  8  9 10 11 12 13 14 15 16 17 18 19 20 21 22 |
---------------+-------------------------------------------------------------------+-----
Stealth        | 2 3 |  3.0
Conjurations   | 2 3 6 12 14 15 16 | 16.3
Fire Magic     | 4 5 6 9 10 11 14 18 20 22 23 25 | 25.0
Summonings     | 2 3 4 5 6 8 10 12 | 12.0
Short Blades   | 1 2 |  2.3
Translocations | 2 4 |  4.0
Spellcasting   | 3 4 6 7 9 10 11 | 11.0
Fighting       | 4 8 10 11 13 14 16 | 16.0
Dodging        | 6 8 9 11 12 | 12.0
Evocations     | 4 6 7 8 |  8.0
Alchemy        | 6 7 |  7.0
Shields        | 3 4 5 6 8 |  8.9
Maces & Flails | 4 5 7 8 10 11 12 | 12.0
Armour         | 5 6 11 12 | 12.5
Hexes          | 5 |  5.0

Action                     |  1- 3 |  4- 6 |  7- 9 | 10-12 | 13-15 | 16-18 | 19-21 | 22-24 || total
---------------------------+-------+-------+-------+-------+-------+-------+-------+-------++-------
  Melee: Dagger            |    37 |     3 |       |       |       |       |       |       ||    40
         Unarmed           |     2 |       |       |       |       |       |       |       ||     2
         Short sword       |    24 |     1 |     2 |    32 |    87 |       |       |       ||   146
         Demon whip        |       |       |       |       |    20 |   195 |   514 |    11 ||   740
         Staff             |       |       |       |       |       |       |    34 |       ||    34
   Fire: Sling             |     3 |       |       |       |       |       |       |       ||     3
  Throw: Dart              |       |     2 |       |     4 |    10 |     2 |     1 |       ||    19
   Cast: Foxfire           |    58 |   110 |   155 |   289 |   276 |       |     2 |       ||   890
         Scorch            |     5 |    14 |    57 |   130 |   446 |   444 |    15 |       ||  1111
         Summon Blazeheart |       |       |     6 |    61 |   146 |   134 |    22 |       ||   369
         Irradiate         |       |       |       |       |    18 |    21 |    40 |     8 ||    87
         Flame Wave        |       |       |       |       |     1 |       |       |       ||     1
         Ignition          |       |       |       |       |     5 |    97 |   220 |    11 ||   333
         Summon Mana Viper |       |       |       |       |       |    35 |    75 |     1 ||   111
 Invoke: Potion Petition   |       |       |       |       |     2 |     2 |     2 |     1 ||     7
Ability: Hop               |     2 |     1 |     4 |     4 |     7 |     6 |     1 |       ||    25
  Evoke: Wand              |       |       |       |     1 |     9 |     7 |     2 |       ||    19
         Phantom mirror    |       |       |       |       |     1 |     1 |       |       ||     2
         Lightning rod     |       |       |       |       |     3 |     4 |       |       ||     7
         Tin of tremorston |       |       |       |       |     2 |       |     1 |       ||     3
         Sack of spiders   |       |       |       |       |       |     1 |     1 |       ||     2
    Use: Scroll            |       |     2 |     4 |     5 |    16 |    19 |     1 |       ||    47
         Potion            |       |       |       |       |       |       |     3 |     1 ||     4
   Stab: Sleeping          |     1 |     2 |       |       |       |       |     2 |       ||     5
         Distracted        |       |       |       |     1 |     2 |     2 |     2 |       ||     7
         Invisible         |       |       |       |     1 |       |       |       |       ||     1
 Armour: Robe              |    51 |     4 |       |       |       |       |       |       ||    55
         Leather armour    |       |       |    28 |    97 |   380 |   459 |   389 |    43 ||  1396
  Dodge: Dodged            |    62 |     5 |    21 |    96 |   371 |   364 |   429 |    32 ||  1380
  Block: Buckler           |       |       |       |       |    14 |   150 |   172 |    13 ||   349

Table legend: (Time is in decaauts)
 A = Elapsed time spent in this place.
 B = Non-inter-level travel time spent in this place.
 C = Inter-level travel time spent in this place.
 D = Time resting spent in this place.
 E = Time spent auto-exploring this place.
 F = Levels seen in this place.
 G = Mean time per level.
                   A        B        C        D        E       F      G
               +--------+--------+--------+--------+--------+-----+--------+
         Total |  84203 |  78384 |   5819 |  32348 |  33082 |  39 | 2159.1 |
       Dungeon |  26748 |  24064 |   2684 |   8147 |  12305 |  15 | 1783.2 |
        Temple |     48 |      1 |     47 |      0 |      0 |   1 |   48.0 |
          Lair |  15885 |  14847 |   1038 |   6758 |   5911 |   5 | 3177.0 |
         Swamp |  10151 |   9843 |    308 |   5681 |   2618 |   4 | 2537.8 |
   Spider Nest |   1378 |   1340 |     38 |    418 |    640 |   1 | 1378.0 |
  Orcish Mines |   3882 |   3449 |    433 |   1402 |   1352 |   2 | 1941.0 |
   Elven Halls |  10201 |   9592 |    609 |   4364 |   3711 |   3 | 3400.3 |
        Vaults |  12742 |  12083 |    659 |   4720 |   5676 |   5 | 2548.4 |
        Bailey |    659 |    659 |      0 |    196 |     91 |   1 |  659.0 |
    Desolation |   1826 |   1826 |      0 |    565 |    624 |   1 | 1826.0 |
      Gauntlet |    678 |    678 |      0 |     94 |    150 |   1 |  678.0 |
               +--------+--------+--------+--------+--------+-----+--------+

Top non-repeatable levels by time:
   Elf:3: 5563 daAuts
  Lair:2: 4187 daAuts
  Lair:5: 4163 daAuts
Vaults:2: 3725 daAuts
 Swamp:1: 3673 daAuts
Vaults:4: 3173 daAuts
  Lair:1: 3127 daAuts
Vaults:3: 2938 daAuts
    D:10: 2929 daAuts
Vaults:1: 2879 daAuts
    D:14: 2780 daAuts
 Swamp:4: 2677 daAuts
    D:15: 2632 daAuts
   Orc:2: 2625 daAuts
    D:11: 2395 daAuts
